 Dungeon Crawl Stone Soup version 0.28.0-45-g0d030f2227 (webtiles) character file.

Game seed: 11404530815216192179

3 101zpm the Magician (level 1, 0/15 HPs)
             Began as a Djinni Ice Elementalist on Apr 17, 2022.
             Slain by a centaur zombie (5 damage)
             ... on level 3 of the Dungeon.
             The game lasted 00:00:37 (170 turns).

101zpm the Magician (Djinni Ice Elementalist)        Turns: 170, Time: 00:00:37

Health: 0/15       AC:  2    Str:  7    XL:     1   Next: 55%
Gold:   0          EV: 12    Int: 16    God:
                   SH:  0    Dex: 13

rFire   + + .      SeeInvis .   (no weapon)
rCold   x . .      Faith    .   (no shield)
rNeg    . . .      Spirit   .   a - +0 robe
rPois   ∞          Reflect  .   (no helmet)
rElec   .          Harm     .   (no cloak)
rCorr   .          Rampage  .   (no gloves)
Will    .....                   (boots unavailable)
Stlth   ++........              (no amulet)
HPRegen 0.05/turn               (no ring)
MPRegen 0.00/turn               (no ring)

@: flying
A: sickness immunity, fire resistance 2, cold vulnerability 1, float, innate
caster, HP casting, extra vitality 1
a: no special abilities


You were on level 3 of the Dungeon.
You visited 1 branch of the dungeon, and saw 3 of its levels.

Inventory:

Armour
 a - a +0 robe (worn)


   Skills:
 + Level 2.3 Dodging
 + Level 1.5 Stealth
 + Level 3.3 Spellcasting


You couldn't memorise any spells.
You knew the following spells:

 Your Spells              Type           Power      Damage    Failure   Level
a - Freeze                Ice            52%        1d7       4%          1
b - Frozen Ramparts       Ice            26%        1d4       14%         3
c - Ozocubu's Armour      Ice            13%        N/A       14%         3
d - Hailstorm             Conj/Ice       13%        3d5       41%         4
Your spell library was empty.

Dungeon Overview and Level Annotations

Branches:
Dungeon (3/15)

Altars:


Innate Abilities, Weirdness & Mutations

You are immune to sickness and miasma.
You are immune to poison.
Your flesh is very heat resistant. (rF++)
You are vulnerable to cold. (rC-)
You float through the air rather than walking.
You learn spells naturally, not from books.
Your magical power is your life essence.
You have superior vitality. (+4 MHP)


Message History

Aiming: Freeze (safe; 4% risk of failure)
Press: ? - help, Q - select action Shift-Dir - straight line, f - goblin
Aim: a goblin, wielding a +0 club You freeze the goblin.
The goblin is heavily wounded.
The goblin closely misses you.
Aiming: Freeze (safe; 4% risk of failure)
Press: ? - help, Q - select action Shift-Dir - straight line, f/p - goblin
Aim: a goblin, wielding a +0 club (heavily wounded)
You freeze the goblin.
You kill the goblin!
Aiming: Freeze (safe; 4% risk of failure)
Press: ? - help, Q - select action Shift-Dir - straight line, f - centaur zombie
Aim: a centaur zombie You freeze the centaur zombie but do no damage.
The centaur zombie completely resists.
The centaur zombie hits you but does no damage.
The centaur zombie kicks you but does no damage.
Aiming: Freeze (safe; 4% risk of failure)
Press: ? - help, Q - select action Shift-Dir - straight line, f/p - centaur zombie
Aim: a centaur zombie You freeze the centaur zombie but do no damage.
The centaur zombie completely resists.
The centaur zombie misses you. The centaur zombie closely misses you.
Aiming: Freeze (safe; 4% risk of failure)
Press: ? - help, Q - select action Shift-Dir - straight line, f/p - centaur zombie
Aim: a centaur zombie You freeze the centaur zombie.
The centaur zombie resists.
The centaur zombie is lightly damaged.
The centaur zombie hits you but does no damage.
The centaur zombie closely misses you. The centaur zombie hits you.
The centaur zombie barely misses you.
Aiming: Freeze (safe; 4% risk of failure)
Press: ? - help, Q - select action Shift-Dir - straight line, f/p - centaur zombie
Aim: a centaur zombie (lightly damaged)
You freeze the centaur zombie.
The centaur zombie resists.
The centaur zombie is lightly damaged.
The centaur zombie barely misses you. The centaur zombie kicks you.
Found a stone staircase leading down.
The centaur zombie hits you.
You die...

.. ..... ..##+#...##
..........# #........#
#........###
#..........##.#. .
+.....)........>
..#......Z@.....#
...........#....#+##
...........#.......#
..###.....#.......#
...##.....#.......#
..........'.......########
..........###.....'.......
#...........##.....########
#...........##.....####


You could see a centaur zombie.

Vanquished Creatures
  A ball python (D:2)
  A goblin (D:3)
  A frilled lizard (D:2)
3 creatures vanquished.

Notes
Turn   | Place    | Note
-------+----------+-------------------------------------------
     0 | D:1      | 101zpm the Djinni Ice Elementalist began the quest for the
                  | Orb.
     0 | D:1      | Reached XP level 1. HP: 15/15 MP: 0/0
   170 | D:3      | Slain by a centaur zombie

Illustrated notes

Levels and vault maps discovered:
D:1:      minmay_arrival_three_doors, layout_rooms, serial_co_window_serial,
          co_window_paths_a, co_window_paths_a, co_window_corner_a,
          co_window_paths_a, co_window_paths_b, co_window_paths_b,
          co_window_corner_a, co_window_paths_c, co_window_paths_c,
          co_window_of_opportunity_c, co_window_unsneaky_path_e,
          co_window_paths_d, glass_columns_c, glass_columns_c, glass_columns_c,
          glass_columns_c, chequers_serial_rivers_small_3
D:2:      layout_loops_ring, nicolae_ecumenical_lake_church
D:3:      layout_basic, uniq_grinder

Action                   || total
-------------------------++-------
 Cast: Freeze            ||     9
Armor: Robe              ||     3
Dodge: Dodged            ||     7
